 Dungeon Crawl Stone Soup version 0.21-a0-414-gba8bdf1 (webtiles) character file.

33 mhoghedin the Vexing (level 3, -1/14 HPs)
             Began as a Felid Enchanter on Nov 2, 2017.
             Slain by Sigmund
             ... wielding a +5 scythe of freezing
              (5 damage)
             ... on level 2 of the Dungeon.
             The game lasted 00:04:41 (1884 turns).

mhoghedin the Vexing (Felid Enchanter)              Turns: 1884, Time: 00:04:42

Health: -1/14      AC:  1    Str:  4    XL:     3   Next: 12%
Magic:  1/7        EV: 18    Int: 17    God:
Gold:   61         SH:  0    Dex: 16    Spells: 3/6 levels left
                                        Lives:  0   Deaths: 0

rFire    . . .     SeeInvis +     - Unarmed
rCold    . . .     Gourm    .   (shield unavailable)
rNeg     . . .     Faith    .   (armour unavailable)
rPois    .         Spirit   .   (helmet unavailable)
rElec    .         Reflect  .   (cloak unavailable)
rCorr    .         Harm     .   (gloves unavailable)
MR       .....                  (boots unavailable)
Stlth    +++.......             (no amulet)
HPRegen  0.04/turn              (no ring)
MPRegen  0.10/turn              (no ring)

@: very slightly contaminated, quick
A: no armour, no weapons or thrown items, stealth, claws 1, fangs 3, see
invisible, carnivore 3, speed 1, shaggy fur 1, slow metabolism 1, sharp paws
a: no special abilities


You were on level 2 of the Dungeon.
You were very full.

You visited 1 branch of the dungeon, and saw 2 of its levels.

You collected 61 gold pieces.

Inventory:

Scrolls
 c - a scroll of blinking {unknown}
 e - a scroll of amnesia {unknown}
 g - a scroll of identify {unknown}
Potions
 d - 2 potions of lignification {unknown}
 h - a potion of haste {unknown}
Books
 a - a book of Maledictions
Comestibles
 b - 2 meat rations {@e2}


   Skills:
 + Level 3.2 Dodging
 + Level 4.4 Stealth
 + Level 1.6 Unarmed Combat
 + Level 2.3 Spellcasting
 + Level 4.8 Hexes


You had 3 spell levels left.
You knew the following spells:

 Your Spells              Type           Power        Failure   Level  Hunger
a - Ensorcelled Hibernat  Hex/Ice        ##....       11%         2    ###....
v - Corona                Hex            ###....      2%          1    #......


Dungeon Overview and Level Annotations

Branches:
Dungeon (2/15)

Altars:

Annotations:
D:2 Sigmund


Innate Abilities, Weirdness & Mutations

You cannot wear armour.
You are incapable of wielding weapons or throwing items.
Your paws allow you to move quietly. (Stealth)
You have sharp claws.
You have razor-sharp teeth.
You have supernaturally acute eyesight. (SInv)
You are carnivorous and can eat meat at any time.
You cover ground quickly.
You are covered in fur. (AC +1)
You have a slow metabolism.
Your sharp claws are effective at attacking unaware monsters.


Message History

You now have 61 gold pieces (gained 13).
Done exploring.
Done exploring.
(D) Dungeon
Where to? (? - help)
There is a stone staircase leading down here.
You climb downwards.
There is a stone staircase leading up here.
Found a stone staircase leading down.
g - a scroll labeled EHEEDGH NYEXTYN A rat comes into view.
A rat is nearby!
You scratch the rat.
You kill the rat!
No target in view!
No target in view!
You see here a rat corpse.
A hobgoblin comes into view.
A hobgoblin is nearby!
The hobgoblin shouts!
You hear a shout!
A dart slug comes into view.
The hobgoblin barely misses you.
Aim: a hobgoblin (chance to defeat MR: 58%)
The hobgoblin resists with significant effort.
The hobgoblin hits you.
You take 2 damage, and have 9/11 hp.
You now have 4/6 mp.
Aim: a hobgoblin (chance to defeat MR: 58%)
The hobgoblin looks drowsy...
A goblin comes into view.
You now have 2/6 mp.
The helpless hobgoblin fails to defend itself.
You claw the hobgoblin!
You kill the hobgoblin!
You have reached level 3!
Your experience leads to an increase in your attributes!
Increase (S)trength, (I)ntelligence, or (D)exterity?
You feel clever.
You regained 3 hp, and now have 12/14 hp.
Aim: a dart slug (clinging, chance to defeat MR: 59%)
The dart slug resists with significant effort.
The dart slug bites you.
You take 1 damage, and have 11/14 hp.
You now have 0/7 mp.
You don't have enough magic to cast that spell.
The goblin closely misses you.
You claw the goblin!
You kill the goblin!
You scratch the dart slug. You scratch the dart slug. The dart slug bites you.
You take 3 damage, and have 8/14 hp.
MASSIVE DAMAGE!!
You scratch the dart slug.
You kill the dart slug!
You see here a goblin corpse.
You butcher the goblin corpse.
h - 2 chunks of flesh {@w0} You start resting.
Eating one of 2 chunks of flesh {@w0}.
You eat one of the 2 chunks of flesh {@w0}.
This raw flesh tastes great.
Eating a chunk of flesh {@w0}.
You eat the chunk of flesh {@w0}.
This raw flesh tastes great.
Health restored: 14; MP restored: 7 A ball python comes into view.
A ball python is nearby!
You scratch the ball python.
You kill the ball python!
No target in view!
Found a stone staircase leading up.
h - a coppery potion No target in view!
Sigmund the Dreaded comes into view.
He is wielding a scythe of freezing.
Sigmund shouts!
Sigmund points at you and mumbles some strange words.
You resist with some effort.
Aim: Sigmund, wielding a scythe of freezing and wearing a robe (chance to defeat MR: 50%) Sigmund resists with some effort.
Sigmund hits you from afar with a scythe of freezing!
Ouch! That really hurt!
Sigmund freezes you.
* * * LOW HITPOINT WARNING * * *
You take 10 damage, and have 4/14 hp.
MASSIVE DAMAGE!!
You now have 5/7 mp.
Unknown command.
Unknown command.
Aim: Sigmund, wielding a scythe of freezing and wearing a robe (chance to defeat MR: 50%)
You miscast Ensorcelled Hibernation.
You are very lightly contaminated with residual magic.
Multicoloured lights dance before your eyes!
You now have 3/7 mp.
Unknown command.
Aim: Sigmund, wielding a scythe of freezing and wearing a robe (chance to defeat MR: 50%) Sigmund looks drowsy...
You now have 1/7 mp.
Sigmund shouts!
Sigmund barely misses you.
As you read the scroll labeled CORHUZ HEKONO, it crumbles to dust.
It is a scroll of enchant weapon.
You aren't carrying any weapons that can be enchanted.
Sigmund hits you from afar with a scythe of freezing.
You die...

..#.# #.##.#.# ..#.#
#.##.#.# ..# ..#.# #.##.#.#
.|# ..#.# #.##.#.# ..#
.<#.# #.##.#.# ..#
....######.##.#.# ..##
...........##.#.# ...#
##########.##...####...###.
.............@.@........
#######.###..######..###
........# ##.# # ........#
#... ........# #.#..
........# #..... #######.#
#.# .. #.# #. #.#


You could see Sigmund.

Vanquished Creatures
  4 dart slugs
  2 ball pythons
  A bat (D:1)
  A giant cockroach (D:1)
  3 hobgoblins
  2 jackals (D:1)
  2 kobolds (D:1)
  3 frilled lizards (D:1)
  3 goblins
  3 rats
24 creatures vanquished.

Notes
Turn   | Place    | Note
-------+----------+-------------------------------------------
     0 | D:1      | mhoghedin the Felid Enchanter began the quest for the Orb.
     0 | D:1      | Reached XP level 1. HP: 7/7 MP: 4/4
   512 | D:1      | HP: 1/7 [hobgoblin (4)]
   795 | D:1      | Reached XP level 2. HP: 11/11 MP: 4/6
   799 | D:1      | Learned a level 2 spell: Ensorcelled Hibernation
   826 | D:1      | Reached skill level 3 in Dodging
  1679 | D:2      | Reached XP level 3. HP: 12/14 MP: 2/7
  1873 | D:2      | Noticed Sigmund
  1884 | D:2      | Slain by Sigmund

Vault maps used:
D:1:      lemuel_arrival_tunnels
D:2:      lemuel_coloured_pillars_altar, lemuel_round_altar, bloody_trog,
          uniq_sigmund

Skill      XL: |  1  2 |
---------------+-------+-----
Dodging        | 3 |  3.2
Stealth        | |  4.4
Unarmed Combat | |  1.6
Spellcasting   | |  2.3
Hexes          | |  4.8

Action                   || total
-------------------------++-------
Melee: Unarmed           ||    62
       Bite              ||     2
 Cast: Corona            ||     5
       Ensorcelled Hiber ||    10
  Use: Scroll            ||     1
 Stab: Sleeping          ||    11
  Eat: Chunk             ||     9
Armor: Skin              ||     1
Dodge: Dodged            ||    46

Table legend:
 A = Spawn XP
 B = Non-spawn XP
 C = Spawn XP percentage of total XP
 D = Spawn monster count
 E = Non-spawn monster count
 F = Spawn count percentage of total count
 G = Total turns spent on level
                    A         B        C        D         E        F      G
               +---------+---------+-------+---------+---------+-------+---------
         Total |       0 |      48 |   0.0 |       0 |      24 |   0.0 |  1884
               +---------+---------+-------+---------+---------+-------+---------
           D:1 |       0 |      38 |   0.0 |       0 |      19 |   0.0 |  1368
           D:2 |       0 |      10 |   0.0 |       0 |       5 |   0.0 |   516
               +---------+---------+-------+---------+---------+-------+---------

Vault maps used:
D:1:      lemuel_arrival_tunnels
D:2:      lemuel_coloured_pillars_altar, lemuel_round_altar, bloody_trog,
          uniq_sigmund

Table legend:
 A = Turns spent in this place as a percentage of turns spent in the entire game.
 B = Non-inter-level travel turns spent in this place as a percentage of non-inter-level travel turns spent in the entire game.
 C = Inter-level travel turns spent in this place as a percentage of turns spent in this place.
 D = Turns resting spent in this place as a percentage of non-inter-level travel turns spent in this place.
 E = Turns spent auto-exploring this place as a percentage of non-inter-level travel turns spent in this place.
 F = Non-inter-level travel turns spent in this place divided by the number of levels of this place that you've seen.
                   A       B       C       D       E      F
               +-------+-------+-------+-------+-------+----------------------
         Total | 100.0 | 100.0 |   0.9 |  50.8 |  35.0 | 933.5
       Dungeon | 100.0 | 100.0 |   0.9 |  50.8 |  35.0 | 933.5
               +-------+-------+-------+-------+-------+----------------------

Table legend:
 A = Kills in this place as a percentage of kills in entire the game.
 B = Kills by you in this place as a percentage of kills by you in the entire game.
 C = Kills by friends in this place as a percentage of kills by friends in the entire game.
 D = Other kills in this place as a percentage of other kills in the entire game.
 E = Experience gained in this place as a percentage of experience gained in the entire game.
 F = Experience gained in this place divided by the number of levels of this place that you have seen.
                   A       B       C       D       E      F
               +-------+-------+-------+-------+-------+----------------------
         Total | 100.0 | 100.0 |   N/A |   N/A | 100.0 |  24.0
       Dungeon | 100.0 | 100.0 |   N/A |   N/A | 100.0 |  24.0
               +-------+-------+-------+-------+-------+----------------------
